AoeStats
← iHateArabia

African Clearing

506599071Analyzed
2v2 RM · 19d ago on Sep 14, 2026· 31m 55s· 4 players
Game mode
Random Map
Map size
Medium (4 player)
Population
200
Speed
Normal
Resources
Standard
Victory
Conquest
Starting age
Dark Age
Ending age
Imperial Age
RankedLock teamsTeams togetherTeam positionsShared explorationLock speedFull tech treeHidden civsTurbo modeCheats
Victory
Defeat
🇦🇷 Cumans · Argentina
884
+13
🇳🇱 Chinese · Netherlands
858
+21
🇮🇳 Vietnamese · India
850
-15
🇨🇳 Burgundians · China
780
-12
mail.hiteshjangid
16:52 Feudal Age
15:58 Loom
17:03 Man-at-Arms
17:44 Double-Bit Axe
19:20 Horse Collar
24:03 Castle Age
26:01 Forging
26:01 Scale Barding Armor
26:19 Bow Saw
26:49 Husbandry
27:09 Scale Mail Armor
27:57 Padded Archer Armor
28:25 Fletching
30:21 Stone Mining
30:38 Elite Skirmisher
45001072
4:04 Loom
15:15 Feudal Age
18:25 Wheelbarrow
22:43 Castle Age
22:53 Double-Bit Axe
22:52 Horse Collar
23:23 Cavalier
24:18 Forging
24:37 Fervor
26:32 Bow Saw
26:26 Heavy Plow
27:21 Scale Barding Armor
30:30 Crop Rotation
30:08 Husbandry
32:15 Fletching
brianchen0618
2:51 Loom
8:31 Loom
14:04 Feudal Age
14:51 Double-Bit Axe
20:23 Wheelbarrow
21:21 Gold Mining
22:03 Horse Collar
25:45 Castle Age
24:02 Stone Mining
24:19 Man-at-Arms
25:24 Arson
25:53 Bloodlines
25:47 Long Swordsman
26:12 Elite Skirmisher
26:53 Heavy Plow
27:09 Bow Saw
27:17 Pikeman
30:09 Squires
iHateArabia
15:18 Feudal Age
14:17 Loom
16:00 Gold Mining
15:55 Horse Collar
16:04 Double-Bit Axe
19:31 Wheelbarrow
21:46 Castle Age
23:02 Bow Saw
23:04 Thumb Ring
23:59 Fletching
26:16 Hand Cart
28:11 Bodkin Arrow
28:17 Padded Archer Armor
29:25 Scale Barding Armor
29:21 Pikeman
30:15 Squires
Connection lost

Rejoining the realm…

Still unreachable

The connection could not be restored.

Session expired

The server has moved on; the page needs a fresh start.